 Dungeon Crawl Stone Soup version 0.32-a0-699-g1ee5eff69a (webtiles) character file.

Game seed: 3500687096563911789

700 BeKind the Chiller (level 7, -9/41 HPs)
             Began as an Octopode Ice Elementalist on Mar 13, 2024.
             Killed from afar by Blork the orc (12 damage)
             ... with a puff of flame
             ... on level 4 of the Dungeon.
             The game lasted 00:06:41 (3432 turns).

BeKind the Chiller (Octopode Ice Elementalist)      Turns: 3432, Time: 00:06:42

Health: -9/41      AC:  1    Str:  7    XL:     7   Next: 65%
Magic:  6/13       EV: 13    Int: 20    God:
Gold:   156        SH:  0    Dex: 12    Spells: 7/14 levels left

rFire   . . .        q - +1 mace of Hell's Wrath {vamp, rN+ SInv}
rCold   . . .        (no shield)
rNeg    + + .        (helmet restricted)
rPois   .            (no amulet)
rElec   .            d - ring of positive energy
rCorr   .            (no ring)
SInv    +            (no ring)
Will    .....        (no ring)
Stlth   +++          (no ring)
HPRegen 0.26/turn    (no ring)
MPRegen 0.13/turn    (no ring)
                     (no ring)

%: no passive effects
@: brilliant
A: almost no armour, amphibious, 8 rings, camouflage 1, gelatinous body 1,
(nimble swimmer 1), tentacles
a: no special abilities


You were on level 4 of the Dungeon.
You visited 1 branch of the dungeon, and saw 4 of its levels.

You collected 156 gold pieces.

Inventory:

Hand Weapons
 b - a +0 dagger
 l - a +2 dagger of speed
 o - a +3 quarterstaff of chaos
 q - the +1 mace of Hell's Wrath (weapon) {vamp, rN+ SInv}
   (You found it on level 3 of the Dungeon)

   rN+:       It protects you from negative energy.
   SInv:      It lets you see invisible.
Jewellery
 d - a ring of positive energy (left tentacle)
 k - an amulet of faith
Wands
 n - a wand of polymorph (11)
Scrolls
 c - a scroll of enchant weapon {unknown}
 g - a scroll of blinking {unknown}
 h - 2 scrolls of fog {unknown}
 i - a scroll of teleportation {unknown}
 p - a scroll of torment {unknown}
 r - a scroll of butterflies {unknown}
 s - a scroll of amnesia {unknown}
 t - a scroll of revelation {unknown}
Potions
 a - 2 potions of magic
 f - 2 potions of haste
 m - a potion of resistance {unknown}
 u - a potion of ambrosia {unknown}


   Skills:
 + Level 2.5 Maces & Flails
 + Level 4.3 Dodging
 - Level 2.7 Stealth
 + Level 4.0 Spellcasting
 + Level 3.3 Summonings
 + Level 5.5 Ice Magic


You had 7 spell levels left.
You knew the following spells:

 Your Spells              Type           Power      Damage    Failure   Level
a - Freeze                Ice            100%       1d10      1%          1
b - Frozen Ramparts       Ice            78%        1d12      4%          3
c - Summon Ice Beast      Ice/Summ       32%        N/A       6%          3

Your spell library contained the following spells:

 Spells                   Type           Power      Damage    Failure   Level
 Ozocubu's Armour         Ice            39%        N/A       4%          3
 Call Canine Familiar     Summ           26%        N/A       10%         3
 Sigil of Binding         Hex            6%         N/A       36%         3
 Dimensional Bullseye     Hex/Tloc       3%         N/A       77%         4


Dungeon Overview and Level Annotations

Branches:
Dungeon (4/15)
 Temple: D:4-7

Altars:

Shops:
D:4 !

Annotations:
D:4 Blork the orc, Ijyb


Innate Abilities, Weirdness & Mutations

You cannot wear most types of armour.
You are amphibious.
You can wear up to eight rings at the same time.
Your skin changes colour to match your surroundings (Stealth+).
Your rubbery body absorbs attacks. (AC +1, EV +1)
((You are camouflaged when in or above water. (Stealth+)))
You have tentacles for arms and can constrict up to eight enemies at once.


Message History

Aiming: Freeze (safe; 1% risk of failure)
Press: ? - help, Shift-Dir - straight line, f - Blork the orc
Aim: Blork the orc, wielding a +0 mace and wearing a +0 robe (lightly wounded)
You freeze Blork the orc.
Blork the orc is moderately wounded.
The wall freezes the quokka.
You kill the quokka!
The wall freezes Blork the orc but does no damage.
Blork the orc screams, "I'll break your arms!"
Blork the orc hits you with a +0 mace.
* * * LOW HITPOINT WARNING * * *
Casting: Freeze (safe; 1% risk of failure)
Confirm with . or Enter, or press ? or * to list all spells.
Aiming: Freeze (safe; 1% risk of failure)
Press: ? - help, Shift-Dir - straight line, f/p - Blork the orc
Aim: Blork the orc, wielding a +0 mace and wearing a +0 robe (moderately wounded)
You freeze Blork the orc.
Blork the orc is moderately wounded.
The wall freezes Blork the orc but does no damage.
Blork the orc closely misses you.
Casting: Freeze (safe; 1% risk of failure)
Confirm with . or Enter, or press ? or * to list all spells.
Aiming: Freeze (safe; 1% risk of failure)
Press: ? - help, Shift-Dir - straight line, f/p - Blork the orc
Aim: Blork the orc, wielding a +0 mace and wearing a +0 robe (moderately wounded)
You freeze Blork the orc.
Blork the orc is moderately wounded.
The wall freezes Blork the orc.
Blork the orc hits you with a +0 mace.
* * * LOW HITPOINT WARNING * * *
Unknown command.
It was a potion of cancellation.
Your magical effects are unravelling.
You feel magically purged.
The frozen ramparts melt away.
You are no longer corroded.
Blork the orc closely misses you.
It was a potion of brilliance.
You feel clever all of a sudden.
Blork the orc points at you and mumbles some strange words.
The puff of flame hits you!
You die...

#..#...####.. . #..#.#......
..#..#)##...## #>...#.#..#.#
##....#.##.# #........#.#
####.......#####
#########......$#############
#.#.....#...###.@o..........#
..#..# #.#.# ####..........#
..o#.# #.##.. ##......?..#
#.......#.. #.# #!........#
#.##.#..#.. .# ...........#
..o ....### # .##.........#
...#.#...o # #.........#
.###.o#.g.# ########### # ..
....


You could see Blork the orc.

Vanquished Creatures
  Grinder (D:4)
  Menkaure (D:4)
  A kobold brigand (D:4)
  A jelly (D:4)
  A hound (D:4)
  Crazy Yiuf (D:2)
  An orc wizard (D:4)
  Robin (D:2)
  6 adders
  3 gnolls (D:4)
  A ribbon worm (D:3)
  A dart slug (D:1)
  3 orcs (D:4)
  7 ball pythons
  4 bats
  6 endoplasms
  4 giant cockroaches
  13 goblins
  6 hobgoblins
  2 jackals (D:1)
  2 quokkas
  4 frilled lizards
  14 kobolds
  6 rats
90 creatures vanquished.

Notes
Turn   | Place    | Note
-------+----------+-------------------------------------------
     0 | D:1      | BeKind the Octopode Ice Elementalist began the quest for
                  | the Orb.
     0 | D:1      | Reached XP level 1. HP: 11/11 MP: 3/3
   279 | D:1      | Reached XP level 2. HP: 11/17 MP: 5/5
   533 | D:1      | You fall into a shaft and drop 1 floor!
   594 | D:2      | Found a faded altar of an unknown god.
   601 | D:2      | Reached XP level 3. HP: 20/21 MP: 6/6
   622 | D:2      | HP: 1/21 [poisoned by an adder]
   880 | D:1      | Learned a level 3 spell: Frozen Ramparts
  1226 | D:1      | Learned a level 3 spell: Summon Ice Beast
  1300 | D:2      | Reached XP level 4. HP: 25/27 MP: 8/8
  1494 | D:2      | Noticed Robin
  1503 | D:2      | Killed Robin
  1504 | D:2      | Reached skill level 1 in Summonings
  1734 | D:2      | Found a runed translucent door.
  1735 | D:2      | Noticed Crazy Yiuf
  1917 | D:2      | Killed Crazy Yiuf
  1918 | D:2      | Reached XP level 5. HP: 13/31 MP: 2/9
  2179 | D:3      | Identified the +1 mace of Hell's Wrath {vamp, rN+ SInv}
  2640 | D:4      | Noticed Menkaure
  2672 | D:4      | Found Pebruana's Distillery.
  2685 | D:4      | Noticed Ijyb
  2911 | D:4      | Killed Menkaure
  2912 | D:4      | Reached skill level 1 in Maces & Flails
  2912 | D:4      | Reached skill level 5 in Ice Magic
  2912 | D:4      | Reached XP level 6. HP: 15/36 MP: 6/11
  2994 | D:4      | Noticed Grinder
  3002 | D:4      | Paralysed by Grinder for 5 turns
  3015 | D:4      | Killed Grinder
  3016 | D:4      | Reached XP level 7. HP: 7/41 MP: 3/12
  3414 | D:4      | Noticed Blork the orc
  3430 | D:4      | HP: 2/41 [Blork the orc/+0 mace (5)]
  3432 | D:4      | Killed from afar by Blork the orc

Illustrated notes

Levels and vault maps discovered:
D:1:      kilobyte_arrival_exit_the_forest, layout_basic, amethyst_killhole,
          hangedman_decor_push, hangedman_decor_clover_reticule
D:2:      layout_loops_ring, nicolae_ecumenical_snake_handling,
          uniq_crazy_yiuf_cottage, uniq_robin
D:3:      layout_basic
D:4:      kennysheep_kobold_camp, layout_rooms, lemuel_round_altar,
          serial_shops, shop, serial_library_regret_index_double_sided,
          lexackson_kobold_supper, uniq_ijyb, uniq_sigmund, uniq_natasha,
          uniq_grinder, uniq_blork_the_orc, uniq_menkaure

Skill      XL: |  1  2  3  4  5  6  7 |
---------------+----------------------+-----
Dodging        | 3 4 |  4.3
Summonings     | 1 2 3 |  3.3
Spellcasting   | 3 4 |  4.0
Maces & Flails | 1 2 |  2.5
Ice Magic      | 5 |  5.5
Stealth        | |  2.7

Action                     |  1- 3 |  4- 6 |  7- 9 || total
---------------------------+-------+-------+-------++-------
  Melee: Dagger            |    58 |    27 |       ||    85
         Constrict         |    18 |    16 |     5 ||    39
         Unarmed           |     2 |     5 |       ||     7
         Tentacles         |     8 |     9 |     4 ||    21
         Mace              |       |    31 |    17 ||    48
   Cast: Freeze            |    10 |    11 |     5 ||    26
         Frozen Ramparts   |       |     7 |     3 ||    10
    Use: Potion            |     1 |     1 |     2 ||     4
   Stab: Sleeping          |     8 |    11 |     2 ||    21
         Distracted        |     1 |       |       ||     1
 Armour: Skin              |    41 |    43 |    24 ||   108
  Dodge: Dodged            |    35 |    30 |    20 ||    85

Table legend: (Time is in decaauts)
 A = Elapsed time spent in this place.
 B = Non-inter-level travel time spent in this place.
 C = Inter-level travel time spent in this place.
 D = Time resting spent in this place.
 E = Time spent auto-exploring this place.
 F = Levels seen in this place.
 G = Mean time per level.
                   A        B        C        D        E       F      G
               +--------+--------+--------+--------+--------+-----+--------+
         Total |   3421 |   3287 |    134 |    198 |   2435 |   4 |  855.2 |
       Dungeon |   3421 |   3287 |    134 |    198 |   2435 |   4 |  855.2 |
               +--------+--------+--------+--------+--------+-----+--------+

Top non-repeatable levels by time:
     D:2: 1056 daAuts
     D:1: 998 daAuts
     D:4: 913 daAuts
     D:3: 453 daAuts
